TOP OF THE 1ST |
San Francisco Spots batting - Pitching for Los Angeles Lions : RHP Bennie Fidgeon
|
Pitching: RHP Bennie Fidgeon
|
|
Batting: RHB Harry Francombe
|
0-0: Ball 1-0: Called Strike 1-1: Ground out 5-3 (Groundball, 56, EV 106.9 MPH)
|
Batting: RHB Eugene Fyson
|
0-0: Ball 1-0: Ball 2-0: Foul Ball, location: 9LDF 2-1: Ground out U3 (Groundball, 3S, EV 90.0 MPH)
|
Batting: RHB Eino Fuller
|
0-0: Fly out, F6 (Line Drive, 6D, EV 67.5 MPH)
|
Top of the 1st over - 0 runs, 0 hits, 0 errors, 0 left on base; San Francisco 0 - Los Angeles 0 |
BOTTOM OF THE 1ST |
Los Angeles Lions batting - Pitching for San Francisco Spots : LHP Robert Saint
|
Pitching: LHP Robert Saint
|
|
Batting: RHB Thaddeus Coxall
|
0-0: Swinging Strike 0-1: Swinging Strike 0-2: Strikes out swinging
|
Batting: SHB Harlan Sluggett
|
0-0: Ball 1-0: Foul Ball, location: 9LSFF 1-1: Swinging Strike 1-2: Strikes out swinging
|
Batting: RHB Judge Joplin
|
0-0: Ball 1-0: Ball 2-0: Ball 3-0: Base on Balls
|
Batting: RHB Ellsworth Fearon
|
0-0: Swinging Strike 0-1: Fielders Choice at 2nd, U6 (Groundball, 6M, EV 86.9 MPH)
|
Bottom of the 1st over - 0 runs, 0 hits, 0 errors, 1 left on base; San Francisco 0 - Los Angeles 0 |
TOP OF THE 2ND |
San Francisco Spots batting - Pitching for Los Angeles Lions : RHP Bennie Fidgeon
|
Batting: RHB Garfield Smead
|
0-0: Hit by Pitch
|
Batting: LHB Marcelin Pennell
|
0-0: Sac Bunt to 5S - play at first, batter OUT! 5-3 Garfield Smead to second
|
Batting: RHB Ivory Moore
|
0-0: Swinging Strike 0-1: Ball 1-1: Foul Ball, location: 3DF 1-2: Strikes out swinging
|
Batting: SHB Leroy Beeby
|
0-0: Ball 1-0: Ball 2-0: Ball 3-0: Called Strike 3-1: Ground out 1-3 (Groundball, 13S, EV 69.4 MPH)
|
Top of the 2nd over - 0 runs, 0 hits, 0 errors, 1 left on base; San Francisco 0 - Los Angeles 0 |
BOTTOM OF THE 2ND |
Los Angeles Lions batting - Pitching for San Francisco Spots : LHP Robert Saint
|
Batting: RHB Frederic Spivey
|
0-0: Ball 1-0: Ball 2-0: Called Strike 2-1: Ball 3-1: Base on Balls
|
Batting: LHB Ulysses Gallant
|
0-0: Reached on error, E1 (Groundball, 13S, EV 43.8 MPH) Frederic Spivey to second
|
Batting: LHB Jesse Bailey
|
0-0: Called Strike 0-1: Ball 1-1: Ball 2-1: Foul Ball, location: 2F 2-2: Ball 3-2: Base on Balls Frederic Spivey to third Ulysses Gallant to second
|
Batting: LHB Myron Turner
|
0-0: Ball Wild Pitch! Frederic Spivey scores Ulysses Gallant to third Jesse Bailey to second 1-0: Called Strike 1-1: Fly out, F7 (Flyball, 78M, EV 99.4 MPH)
|
Batting: RHB Bennie Fidgeon
|
0-0: Ball 1-0: Foul Ball, location: 2F 1-1: Ball 2-1: Swinging Strike 2-2: Foul Ball, location: 2F 2-2: Foul Ball, location: 5F 2-2: Strikes out swinging
|
Batting: RHB Thaddeus Coxall
|
0-0: Ball 1-0: Ground out 6-3 (Groundball, 6, EV 85.6 MPH)
|
Bottom of the 2nd over - 1 run, 0 hits, 1 error, 2 left on base; San Francisco 0 - Los Angeles 1 |
TOP OF THE 3RD |
San Francisco Spots batting - Pitching for Los Angeles Lions : RHP Bennie Fidgeon
|
Batting: RHB Jeremiah Watson
|
0-0: Swinging Strike 0-1: Swinging Strike 0-2: Ball 1-2: Ball 2-2: Fly out, F3 (Popup, 34, EV 64.4 MPH)
|
Batting: LHB Robert Saint
|
0-0: Swinging Strike 0-1: Ball 1-1: Ball 2-1: Foul Ball, location: 7LSF 2-2: Foul Ball, location: 3F 2-2: SINGLE (Groundball, 56S, EV 64.4 MPH) (infield hit)
|
Batting: RHB Harry Francombe
|
0-0: Called Strike 0-1: Called Strike 0-2: Ball 1-2: 2-RUN HOME RUN (Flyball, 89XD, EV 100.0 MPH), Distance : 411 ft
|
Batting: RHB Eugene Fyson
|
0-0: Swinging Strike 0-1: Ball 1-1: Ball 2-1: Ground out 5-3 (Groundball, 56, EV 100.6 MPH)
|
Batting: RHB Eino Fuller
|
0-0: Ball 1-0: Ground out 6-3 (Groundball, 6M, EV 106.9 MPH)
|
Top of the 3rd over - 2 runs, 2 hits, 0 errors, 0 left on base; San Francisco 2 - Los Angeles 1 |
BOTTOM OF THE 3RD |
Los Angeles Lions batting - Pitching for San Francisco Spots : LHP Robert Saint
|
Batting: SHB Harlan Sluggett
|
0-0: Ball 1-0: Swinging Strike 1-1: Swinging Strike 1-2: Strikes out looking
|
Batting: RHB Judge Joplin
|
0-0: Ball 1-0: Ball 2-0: Foul Ball, location: 2F 2-1: Foul Ball, location: 5F 2-2: Ground out 5-3 (Groundball, 5S, EV 87.5 MPH)
|
Batting: RHB Ellsworth Fearon
|
0-0: Ball 1-0: Ball 2-0: Ball 3-0: Called Strike 3-1: Fly out, F4 (Popup, 34, EV 67.5 MPH)
|
Bottom of the 3rd over - 0 runs, 0 hits, 0 errors, 0 left on base; San Francisco 2 - Los Angeles 1 |
TOP OF THE 4TH |
San Francisco Spots batting - Pitching for Los Angeles Lions : RHP Bennie Fidgeon
|
Batting: RHB Garfield Smead
|
0-0: Foul Ball, location: 9LSF 0-1: Ball 1-1: Ground out 6-3 (Groundball, 6, EV 85.0 MPH)
|
Batting: LHB Marcelin Pennell
|
0-0: Fly out, F3 (Popup, 34, EV 65.0 MPH)
|
Batting: RHB Ivory Moore
|
0-0: Ball 1-0: Called Strike 1-1: SINGLE (Line Drive, 3D, EV 96.3 MPH)
|
Batting: SHB Leroy Beeby
|
0-0: Swinging Strike 0-1: Foul Ball, location: 2F 0-2: Strikes out looking
|
Top of the 4th over - 0 runs, 1 hit, 0 errors, 1 left on base; San Francisco 2 - Los Angeles 1 |
BOTTOM OF THE 4TH |
Los Angeles Lions batting - Pitching for San Francisco Spots : LHP Robert Saint
|
Batting: RHB Frederic Spivey
|
0-0: Swinging Strike 0-1: Ball 1-1: Ball 2-1: Ball 3-1: Foul Ball, location: 2F 3-2: Ground out U3 (Groundball, 34, EV 108.8 MPH)
|
Batting: LHB Ulysses Gallant
|
0-0: Ball 1-0: Ball 2-0: Fly out, F7 (Flyball, 78S, EV 89.4 MPH)
|
Batting: LHB Jesse Bailey
|
0-0: Ground out 4-3 (Groundball, 4, EV 91.9 MPH)
|
Bottom of the 4th over - 0 runs, 0 hits, 0 errors, 0 left on base; San Francisco 2 - Los Angeles 1 |
TOP OF THE 5TH |
San Francisco Spots batting - Pitching for Los Angeles Lions : RHP Bennie Fidgeon
|
Batting: RHB Jeremiah Watson
|
0-0: SINGLE (Line Drive, 89M, EV 85.6 MPH)
|
Batting: LHB Robert Saint
|
0-0: Called Strike 0-1: Sac Bunt to 13S - play at first, batter OUT! 1-3 Jeremiah Watson to second
|
Batting: RHB Harry Francombe
|
0-0: Ball 1-0: Ball 2-0: Ball 3-0: Called Strike 3-1: Hit by Pitch
|
Batting: RHB Eugene Fyson
|
0-0: Called Strike 0-1: Called Strike 0-2: Ball 1-2: Foul Ball, location: 2F 1-2: Ball 2-2: Foul Ball, location: 9LDF 2-2: Foul Ball, location: 23F 2-2: SINGLE (Groundball, 6MD, EV 99.4 MPH) Jeremiah Watson to third Harry Francombe to second
|
Batting: RHB Eino Fuller
|
0-0: Ball 1-0: Called Strike 1-1: Swinging Strike 1-2: Fly out, F4 (Line Drive, 4, EV 70.0 MPH)
|
Batting: RHB Garfield Smead
|
0-0: Foul Ball, location: 9LSF 0-1: Foul Ball, location: 2F 0-2: Fly out, F4 (Line Drive, 4D, EV 68.8 MPH)
|
Top of the 5th over - 0 runs, 2 hits, 0 errors, 3 left on base; San Francisco 2 - Los Angeles 1 |
BOTTOM OF THE 5TH |
Los Angeles Lions batting - Pitching for San Francisco Spots : LHP Robert Saint
|
Batting: LHB Myron Turner
|
0-0: Called Strike 0-1: Foul Ball, location: 23FF 0-2: Foul Ball, location: 9LMFF 0-2: Foul Ball, location: 9LMF 0-2: Ball 1-2: Fly out, F5 (Popup, 56, EV 55.6 MPH)
|
Batting: RHB Bennie Fidgeon
|
0-0: Ball 1-0: Fly out, F3 (Line Drive, 3L, EV 68.1 MPH)
|
Batting: RHB Thaddeus Coxall
|
0-0: Swinging Strike 0-1: Called Strike 0-2: Strikes out swinging
|
Bottom of the 5th over - 0 runs, 0 hits, 0 errors, 0 left on base; San Francisco 2 - Los Angeles 1 |
TOP OF THE 6TH |
San Francisco Spots batting - Pitching for Los Angeles Lions : RHP Bennie Fidgeon
|
Batting: LHB Marcelin Pennell
|
0-0: Called Strike 0-1: Ball 1-1: Called Strike 1-2: Ball 2-2: Ground out 5-3 (Groundball, 5L, EV 88.8 MPH)
|
Batting: RHB Ivory Moore
|
0-0: Called Strike 0-1: Foul Ball, location: 5SF 0-2: Ball 1-2: Ball 2-2: Foul Ball, location: 5FF 2-2: SOLO HOME RUN (Flyball, 7D, EV 114.4 MPH), Distance : 459 ft
|
Batting: SHB Leroy Beeby
|
0-0: Called Strike 0-1: Ground out 6-3 (Groundball, 6, EV 89.4 MPH)
|
Batting: RHB Jeremiah Watson
|
0-0: Foul Ball, location: 2F 0-1: Foul Ball, location: 2F 0-2: Ball 1-2: Ball 2-2: SINGLE (Groundball, 34D, EV 103.1 MPH)
|
Batting: LHB Robert Saint
|
0-0: Ground out 4-3 (Groundball, 13, EV 85.6 MPH)
|
Top of the 6th over - 1 run, 2 hits, 0 errors, 1 left on base; San Francisco 3 - Los Angeles 1 |
BOTTOM OF THE 6TH |
Los Angeles Lions batting - Pitching for San Francisco Spots : LHP Robert Saint
|
Batting: SHB Harlan Sluggett
|
0-0: Ball 1-0: Ball 2-0: Ball 3-0: Base on Balls
|
Batting: RHB Judge Joplin
|
0-0: Called Strike 0-1: Swinging Strike 0-2: Ball 1-2: Ball 2-2: Foul Ball, location: 2F 2-2: Ball 3-2: Base on Balls Harlan Sluggett to second
|
Pitching: RHP Floyd Martin
|
|
Batting: RHB Ellsworth Fearon
|
0-0: Ball 1-0: Grounds into double play, 6-4-3 (Groundball, 6, EV 89.4 MPH) Harlan Sluggett to third
|
Pinch Hitting: LHB Candelar Hopley
|
0-0: SINGLE (Line Drive, 89S, EV 98.8 MPH) Harlan Sluggett scores
|
Batting: LHB Ulysses Gallant
|
0-0: Ground out 1-3 (Groundball, 34S, EV 76.3 MPH)
|
Bottom of the 6th over - 1 run, 1 hit, 0 errors, 1 left on base; San Francisco 3 - Los Angeles 2 |
TOP OF THE 7TH |
San Francisco Spots batting - Pitching for Los Angeles Lions : RHP Bennie Fidgeon
|
Now at 2B: Rodney Turner
|
|
Now at 3B: Myron Turner
|
|
Batting: RHB Harry Francombe
|
0-0: Swinging Strike 0-1: Ball 1-1: Foul Ball, location: 5FF 1-2: Foul Ball, location: 5F 1-2: Ball 2-2: Ground out 1-6-3 (Groundball, 15S, EV 106.9 MPH)
|
Batting: RHB Eugene Fyson
|
0-0: Ball 1-0: Ball 2-0: Ball 3-0: Base on Balls
|
Batting: RHB Eino Fuller
|
0-0: Ball 1-0: DOUBLE (Flyball, 8RXD, EV 105.0 MPH) Eugene Fyson to third
|
Batting: RHB Garfield Smead
|
0-0: Fielders Choice at home, 6-2 (Groundball, 6, EV 79.4 MPH) Eino Fuller to third
|
Pitching: LHP Thomas Birdsall
|
|
Batting: LHB Marcelin Pennell
|
0-0: Foul Ball, location: 23FF 0-1: Fly out, F2 (Popup, 2L, EV 93.1 MPH)
|
Top of the 7th over - 0 runs, 1 hit, 0 errors, 2 left on base; San Francisco 3 - Los Angeles 2 |
BOTTOM OF THE 7TH |
Los Angeles Lions batting - Pitching for San Francisco Spots : RHP Floyd Martin
|
Batting: LHB Jesse Bailey
|
0-0: Foul Ball, location: 9LMF 0-1: Foul Ball, location: 7LDF 0-2: Ball 1-2: Ball 2-2: Ball 3-2: Base on Balls
|
Batting: LHB Myron Turner
|
0-0: Ball 1-0: Sac Bunt to 2R - play at first, batter OUT! 2-3 Jesse Bailey to second
|
Pinch Hitting: LHB Arthur Inions
|
0-0: Foul Ball, location: 3F 0-1: Ball 1-1: Foul Ball, location: 23FF 1-2: Fly out, F7 (Flyball, 78M, EV 85.0 MPH)
|
Pinch Hitting: LHB Albert Foale
|
0-0: Called Strike 0-1: Fly out, F7 (Flyball, 78D, EV 96.3 MPH)
|
Bottom of the 7th over - 0 runs, 0 hits, 0 errors, 1 left on base; San Francisco 3 - Los Angeles 2 |
TOP OF THE 8TH |
San Francisco Spots batting - Pitching for Los Angeles Lions : LHP Thomas Birdsall
|
Pitching: RHP Alfonso Hall
|
|
Now in RF: Albert Foale
|
|
Batting: RHB Ivory Moore
|
0-0: Fly out, F8 (Line Drive, 8RM, EV 93.8 MPH)
|
Batting: SHB Leroy Beeby
|
0-0: Called Strike 0-1: Fly out, F9 (Flyball, 9, EV 83.1 MPH)
|
Batting: RHB Jeremiah Watson
|
0-0: Called Strike 0-1: Foul Ball, location: 7LMF 0-2: Strikes out looking
|
Top of the 8th over - 0 runs, 0 hits, 0 errors, 0 left on base; San Francisco 3 - Los Angeles 2 |
BOTTOM OF THE 8TH |
Los Angeles Lions batting - Pitching for San Francisco Spots : RHP Floyd Martin
|
Batting: SHB Harlan Sluggett
|
0-0: Ball 1-0: Foul Ball, location: 7LDF 1-1: Ball 2-1: Called Strike 2-2: Foul Ball, location: 5F 2-2: Fly out, F7 (Flyball, 78M, EV 95.0 MPH)
|
Pinch Hitting: LHB Roscoe Varney
|
0-0: Called Strike 0-1: Ball 1-1: Ball 2-1: Ball 3-1: Foul Ball, location: 9LSF 3-2: SINGLE (Groundball, 34D, EV 101.3 MPH)
|
Batting: RHB Ellsworth Fearon
|
0-0: Ball 1-0: Ball 2-0: Foul Ball, location: 2F 2-1: SINGLE (Groundball, 5D, EV 103.1 MPH) Roscoe Varney to second
|
Batting: LHB Rodney Turner
|
0-0: Ball 1-0: Ball 2-0: Called Strike 2-1: Foul Ball, location: 2F 2-2: Foul Ball, location: 5SF 2-2: Fly out, F9 (Line Drive, 9S, EV 88.1 MPH)
|
Batting: LHB Ulysses Gallant
|
0-0: Ball 1-0: Ball 2-0: Ball 3-0: Called Strike 3-1: Fly out, F9 (Flyball, 89M, EV 91.3 MPH)
|
Bottom of the 8th over - 0 runs, 2 hits, 0 errors, 2 left on base; San Francisco 3 - Los Angeles 2 |
TOP OF THE 9TH |
San Francisco Spots batting - Pitching for Los Angeles Lions : RHP Alfonso Hall
|
Now at 1B: Roscoe Varney
|
|
Pinch Hitting: RHB William Loosemoor
|
0-0: Ball 1-0: Foul Ball, location: 2RF 1-1: Ball 2-1: Ball 3-1: Foul Ball, location: 2RF 3-2: Base on Balls
|
Batting: RHB Harry Francombe
|
0-0: Ball 1-0: Called Strike 1-1: Fly out, F9 (Flyball, 89D, EV 105.0 MPH)
|
Batting: RHB Eugene Fyson
|
0-0: Ball 1-0: Foul Ball, location: 2F 1-1: Called Strike 1-2: Ball 2-2: Foul Ball, location: 9LDF 2-2: Ground out 6-3 (Groundball, 56, EV 100.0 MPH) William Loosemoor to second
|
Batting: RHB Eino Fuller
|
0-0: Ball 1-0: Ground out 6-3 (Groundball, 6M, EV 105.6 MPH)
|
Top of the 9th over - 0 runs, 0 hits, 0 errors, 1 left on base; San Francisco 3 - Los Angeles 2 |
BOTTOM OF THE 9TH |
Los Angeles Lions batting - Pitching for San Francisco Spots : RHP Floyd Martin
|
Pitching: RHP Bennie Gray
|
|
Now at 1B: Edward Anderson
|
|
Batting: LHB Jesse Bailey
|
0-0: Ball 1-0: Foul Ball, location: 2F 1-1: Ball 2-1: Ball 3-1: Ground out 1-3 (Groundball, 34S, EV 63.8 MPH)
|
Batting: LHB Myron Turner
|
0-0: Called Strike 0-1: Foul Ball, location: 9LSF 0-2: Foul Ball, location: 7LSF 0-2: Ball 1-2: Strikes out swinging
|
Pinch Hitting: RHB Ernesto Winnall
|
0-0: Ball 1-0: SINGLE (Groundball, 34D, EV 100.0 MPH)
|
Batting: LHB Albert Foale
|
0-0: Ball 1-0: Fly out, F9 (Flyball, 89M, EV 93.8 MPH)
|
Bottom of the 9th over - 0 runs, 1 hit, 0 errors, 1 left on base; San Francisco 3 - Los Angeles 2 |
|